[Event "Team 45 45 League T90"]
[Site "Internet Chess Club"]
[Date "2021.10.10"]
[Round "1"]
[White "fireball"]
[Black "liujf"]
[Result "1/2-1/2"]
[WhiteElo "1542"]
[BlackElo "1577"]
[Opening "Giuoco Piano"]
[ECO "C50"]
[Time "10:03:30"]
[TimeControl "2700+45"]

1. e4 e5 2. Nf3 Nc6 3. Bc4 Bc5 4. O-O Nf6 5. d3 a6 6. c3 d6 7. b4 Ba7 8. Qb3 O-O
9. Bg5 h6 10. Bh4 Qe7 11. a4 Nd8 12. Nbd2 Ne6 13. b5 axb5 14. axb5 Bd7 15. Ra2
g5 16. Bg3 Bb6 17. Rfa1 Rxa2 18. Rxa2 Nh5 19. Kh1 Nhf4 20. Bxf4 Nxf4 21. Nf1 g4
22. Ng1 Kh8 23. g3 Nh3 24. Nxh3 gxh3 25. Qd1 f5 26. Qh5 Qh7 27. Qxh3 fxe4 28.
Qh4 exd3 29. Ne3 Qg6 30. Qe7 Qe8 31. Qh4 Qg6 32. Qe7 Qg7 33. Qxg7+ Kxg7 34. Kg2
c6 35. Bxd3 d5 36. bxc6 bxc6 37. Re2 e4 38. Bc2 Ra8 39. Nd1 Bg4 40. Rd2 Ra2 41.
Ne3 Bh5 42. Nf5+ Kh7 43. Ne7 Kh8 44. Nxc6 e3 45. fxe3 Bxe3 46. Rxd5 Rxc2+ 47.
Kh3 Bf7 48. Rd8+ Kg7 49. Rd7 Kf6 50. Rd6+ Be6+ 51. g4 Bf4 52. Rxe6+ Kxe6 53.
Nd4+ Kd5 54. Nxc2 Kc4 55. Ne1 Kxc3 56. Ng2 Bg5 57. Kg3 Kd2 58. h4 Be7 59. Nf4
Bd6 60. Kf3 Kc3 61. Ke4 Kc4 62. g5 hxg5 63. hxg5 Be7 64. g6 Bf6 65. Kf5 Bh8 66.
Ke6 Kd4 67. Kf7 Ke4 68. Nh5 Kf5 69. Ng7+ Kg5 70. Ne6+ Kf5 71. Nf8 Kg5 72. Kg8
Ba1 73. Kh7 Bb2 74. Ne6+ Kf5 75. Ng7+ Kg5 76. Ne6+ Kf5 77. Nd8 Kg5 78. Nf7+ Kf5
79. Nd6+ Kg5 80. Ne8 Kf5 81. Ng7+ Kg5 82. Ne6+ {Game drawn by repetition}
1/2-1/2

[Event "Team 45 45 League T90"]
[Site "Internet Chess Club"]
[Date "2021.10.09"]
[Round "1"]
[White "cayo89"]
[Black "ChessG2011"]
[Result "1/2-1/2"]
[WhiteElo "1543"]
[BlackElo "1452"]
[Opening "Queen's pawn game"]
[ECO "D00"]
[Time "16:02:20"]
[TimeControl "2700+45"]

1. d4 Nf6 2. Nc3 d5 3. Bf4 g6 4. e3 Bg7 5. Be2 O-O 6. h4 h5 7. Nf3 Nc6 8. O-O
Bg4 9. Ne5 Nxe5 10. dxe5 Bxe2 11. Qxe2 Ne8 12. Bg3 c6 13. Rad1 Qb6 14. Qd3 Nc7
15. f4 e6 16. Na4 Qb5 17. b3 Qxd3 18. Rxd3 Rfe8 19. Nc5 b6 20. Nd7 Red8 21. Nf6+
Bxf6 22. exf6 c5 23. f5 Rd7 24. fxg6 fxg6 25. e4 Rad8 26. e5 Kf7 27. Rfd1 Na6
28. a3 Nc7 29. a4 Na6 30. c3 Nc7 31. Bf2 Na6 32. Be1 Nb8 33. Bg3 Nc6 34. Kf2 Na5
35. b4 cxb4 36. cxb4 Nc4 37. Rd4 Rc8 38. Rb1 Na3 39. Rb2 Rc2+ 40. Rd2 Rxd2+ 41.
Rxd2 Nc4 42. Rc2 a5 43. b5 Rd8 44. Ke2 Rc8 45. Kd3 Rd8 46. Re2 Rc8 47. Bf2 Rb8
48. Bd4 Rb7 49. g4 hxg4 50. Rg2 Rb8 51. Rxg4 Rh8 52. Rf4 Rh5 53. Kc3 g5 54. hxg5
Rxg5 55. Rh4 Rg3+ 56. Kc2 Rg2+ 57. Kc3 Rg3+ 58. Kc2 Rg2+ 59. Kc3 Rg3+ 60. Kc2
Rg2+ {Game drawn by repetition} 1/2-1/2

[Event "Team 45 45 League T90"]
[Site "Internet Chess Club"]
[Date "2021.10.08"]
[Round "1"]
[White "smsxman"]
[Black "piirimae"]
[Result "1-0"]
[WhiteElo "1248"]
[BlackElo "1300"]
[Opening "French: Marshall variation"]
[ECO "C10"]
[Time "01:02:52"]
[TimeControl "2700+45"]

1. e4 e6 2. Nc3 d5 3. d4 c5 4. exd5 exd5 5. dxc5 d4 6. Ne4 Bf5 7. Qe2 Qe7 8.
Nd6+ Kd7 9. Nxf5 Qxc5 10. Qb5+ Kc7 11. Bf4+ Kc8 12. Qe8# {Black checkmated} 1-0

[Event "Team 45 45 League T90"]
[Site "Internet Chess Club"]
[Date "2021.10.08"]
[Round "1"]
[White "Gojira"]
[Black "VictorRed"]
[Result "0-1"]
[WhiteElo "1572"]
[BlackElo "1631"]
[Opening "Queen's pawn: Chigorin variation"]
[ECO "D00"]
[Time "23:09:03"]
[TimeControl "2700+45"]

1. d4 d5 2. Nc3 e6 3. Bf4 Nf6 4. e3 Bd6 5. Qf3 O-O 6. Bd3 Nc6 7. a3 e5 8. dxe5
Nxe5 9. Bxe5 Bxe5 10. h3 c5 11. Nge2 g6 12. Nf4 d4 13. exd4 cxd4 14. Ne4 Re8 15.
O-O-O Rb8 16. Bb5 Bxf4+ 17. Qxf4 Rxe4 18. Qxb8 a6 19. Bd3 Re7 20. Rhe1 Rc7 21.
Be4 Kg7 22. Bf3 Rxc2+ 23. Kb1 Rxf2 24. Qg3 Bf5+ 25. Ka1 Rc2 26. Qe5 d3 27. g4 d2
28. Rg1 Qc8 29. g5 Rc1+ 30. Ka2 Be6+ 31. b3 Qc2+ 32. Qb2 Bxb3# {White
checkmated} 0-1

[Event "Team 45 45 League T90"]
[Site "Internet Chess Club"]
[Date "2021.10.10"]
[Round "1"]
[White "WillC"]
[Black "MartyJR"]
[Result "0-1"]
[WhiteElo "1409"]
[BlackElo "1439"]
[Opening "English: Caro-Kann defensive system"]
[ECO "A11"]
[Time "12:00:32"]
[TimeControl "2700+45"]

1. c4 c6 2. g3 d5 3. b3 e6 4. Bb2 Nf6 5. Bg2 Be7 6. Nf3 O-O 7. O-O Nbd7 8. Qc2
Re8 9. d4 Bd6 10. Ne5 c5 11. e3 cxd4 12. exd4 Qc7 13. f4 b6 14. Nd2 Bb7 15. Rac1
Rac8 16. Qd1 Qb8 17. Kh1 dxc4 18. Ndxc4 Bxg2+ 19. Kxg2 Nd5 20. Qf3 Nxe5 21. fxe5
Bf8 22. Qxf7+ Kh8 23. Qf3 Be7 24. Qe4 Rf8 25. Ne3 Nxe3+ 26. Qxe3 Qb7+ 27. Kh3
Rxf1 28. Rxf1 Rc2 29. Rf2 Rc8 30. Qf4 Qd7 31. Qe4 Qe8 32. d5 exd5 33. Qxd5 Bc5
34. Rf1 Qh5+ 35. Kg2 Qe2+ 36. Kh3 Qxf1+ 37. Kg4 Qe2+ {White resigns} 0-1

[Event "Team 45 45 League T90"]
[Site "Internet Chess Club"]
[Date "2021.10.10"]
[Round "1"]
[White "g8wrb"]
[Black "BrerRabbit"]
[Result "1/2-1/2"]
[WhiteElo "1285"]
[BlackElo "1373"]
[Opening "Nimzovich-Larsen attack: classical variation"]
[ECO "A01"]
[Time "15:04:05"]
[TimeControl "2700+45"]

1. b3 d5 2. Bb2 c6 3. e3 Nf6 4. c4 Bf5 5. Nf3 e6 6. Nc3 Nbd7 7. Be2 Be7 8. O-O
O-O 9. d3 h6 10. Qd2 Bb4 11. a3 Bd6 12. b4 a5 13. c5 Be7 14. Na4 Qc7 15. Rfc1
Ra7 16. Bd4 axb4 17. axb4 Rfa8 18. Nb6 Rxa1 19. Rxa1 Rxa1+ 20. Bxa1 Nxb6 21.
cxb6 Qxb6 22. Bc3 Qa6 23. Ne1 Nd7 24. h3 Qa4 25. Qb2 Bf6 26. Bxf6 Nxf6 27. Nc2
Bg6 28. Kh2 Nd7 29. f4 Qa6 30. Qb3 Qb6 31. Qc3 Qa6 32. Nd4 Qa2 33. Bg4 Nf6 34.
Bf3 Nd7 35. Bg4 Nf6 36. Bf3 Nd7 {Game drawn by mutual agreement} 1/2-1/2

[Event "Team 45 45 League T90"]
[Site "Internet Chess Club"]
[Date "2021.10.10"]
[Round "1"]
[White "bardu"]
[Black "SeniorCitizen"]
[Result "0-1"]
[WhiteElo "1303"]
[BlackElo "1291"]
[Opening "QGD: 3.Nc3"]
[ECO "D31"]
[Time "10:18:56"]
[TimeControl "2700+45"]

1. d4 d5 2. c4 e6 3. Nc3 h6 4. Nf3 Nf6 5. Bf4 Bd6 6. Bxd6 Qxd6 7. e3 c6 8. Bd3
O-O 9. O-O Nbd7 10. Qe2 e5 11. dxe5 Nxe5 12. Nxe5 dxc4 13. Nxc4 Qc7 14. h3 b5
15. Nd2 Bb7 16. Nf3 a6 17. Rad1 c5 18. b3 Qa5 19. Nb1 Rfe8 20. Rc1 Rac8 21. Rc2
Qb6 22. Nbd2 Ne4 23. Bxe4 Bxe4 24. Nxe4 Rxe4 25. Rd1 Ree8 26. Rdc1 Re7 27. Qd3
Rec7 28. Qf5 c4 29. bxc4 Rxc4 30. a4 Rxc2 31. Rxc2 Rxc2 32. Qxc2 b4 33. Nd4 a5
34. Nc6 b3 35. Qb2 Qxc6 36. Qxb3 Qc1+ 37. Kh2 Qc5 38. Qb5 Qb4 39. Qe8+ Qf8 40.
Qxf8+ Kxf8 41. Kg3 Ke7 42. Kf4 Kd6 43. Ke4 Kc5 44. Ke5 Kb4 45. Kd6 Kxa4 46. Ke7
Kb4 47. Kxf7 a4 48. e4 a3 49. e5 a2 50. e6 {White resigns} 0-1

[Event "Team 45 45 League T90"]
[Site "Internet Chess Club"]
[Date "2021.10.07"]
[Round "1"]
[White "PsyMar"]
[Black "Ostap-Bender"]
[Result "1-0"]
[WhiteElo "1319"]
[BlackElo "1238"]
[Opening "Sicilian: Alapin's variation (2.c3)"]
[ECO "B22"]
[Time "11:00:07"]
[TimeControl "2700+45"]

1. e4 c5 2. c3 Nc6 3. d4 cxd4 4. cxd4 e6 5. Nf3 d5 6. e5 Bb4+ 7. Nc3 Nge7 8. Bd3
O-O 9. Bxh7+ Kxh7 10. Ng5+ Kg8 11. Qh5 {Black resigns} 1-0

[Event "Team 45 45 League T90"]
[Site "Internet Chess Club"]
[Date "2021.10.10"]
[Round "1"]
[White "Gojira"]
[Black "Denis240964"]
[Result "1-0"]
[WhiteElo "1580"]
[BlackElo "1361"]
[Opening "Queen's pawn: Chigorin variation"]
[ECO "D00"]
[Time "19:01:36"]
[TimeControl "2700+45"]

1. d4 d5 2. Nc3 Nf6 3. Bf4 e6 4. e3 c5 5. Nb5 Na6 6. c3 Be7 7. Bd3 c4 8. Bc2 Bd7
9. Nd6+ Bxd6 10. Bxd6 Bc6 11. Be5 O-O 12. h4 Nd7 13. Bxh7+ Kxh7 14. Qh5+ Kg8 15.
Nf3 f6 16. Ng5 fxg5 17. hxg5 Nxe5 18. dxe5 Rf5 19. Qh7+ Kf8 20. g6 Be8 21. Qh8+
Ke7 22. Qxg7+ Bf7 23. g4 Qf8 24. Qxf8+ Rxf8 25. gxf5 exf5 26. Rh7 Nc5 27. f4 Ke6
28. Rxf7 Rxf7 29. gxf7 Kxf7 30. Ke2 Ne6 31. Rd1 Nc7 32. Rh1 Ke7 33. Rh5 Ke6 34.
Rh7 Nb5 35. Rxb7 a6 36. a4 Nxc3+ 37. bxc3 {Black resigns} 1-0

[Event "Team 45 45 League T90"]
[Site "Internet Chess Club"]
[Date "2021.10.11"]
[Round "1"]
[White "gregorgg"]
[Black "rkjulianjr"]
[Result "0-1"]
[WhiteElo "1368"]
[BlackElo "1319"]
[Opening "Giuoco Piano"]
[ECO "C44"]
[Time "14:03:30"]
[TimeControl "2700+45"]

1. e4 e5 2. Nf3 Nc6 3. d4 exd4 4. Bc4 Bc5 5. c3 Nf6 6. cxd4 Bb4+ 7. Bd2 Bxd2+ 8.
Nbxd2 d5 9. exd5 Nxd5 10. O-O O-O 11. Re1 Bg4 12. h3 Bh5 13. Qc2 Bg6 14. Qd1
Ncb4 15. Bb3 Nd3 16. Re2 N5f4 17. Re3 Re8 18. Rxe8+ Qxe8 19. Nc4 Rd8 20. Nce5
Qb5 21. Bc4 Qxb2 22. Nxd3 Bxd3 23. Bxd3 Nxd3 24. Qf1 Nf4 25. Rb1 Qxa2 26. Rxb7
Ne2+ 27. Kh2 h6 28. Rxc7 Nxd4 29. Nxd4 Rxd4 30. Rc8+ Kh7 31. f3 Rd2 {White
forfeits on time} 0-1

[Event "Team 45 45 League T90"]
[Site "Internet Chess Club"]
[Date "2021.10.09"]
[Round "1"]
[White "CMAlge"]
[Black "Megasus"]
[Result "0-1"]
[WhiteElo "1228"]
[BlackElo "1460"]
[Opening "Queen's pawn game"]
[ECO "D00"]
[Time "13:02:19"]
[TimeControl "2700+45"]

1. d4 Nf6 2. Nc3 d5 3. Bf4 a6 4. e3 Nc6 5. Nf3 Bf5 6. Bd3 Ne4 7. Ne5 Nb4 8. Nxe4
Nxd3+ 9. Nxd3 dxe4 10. Ne5 f6 11. Nc4 Qd5 12. Nd2 e5 13. Nb3 exf4 14. exf4 Bd6
15. Rg1 Bxf4 16. g3 Bd6 17. h4 O-O-O 18. g4 Be6 19. g5 Rdf8 20. gxf6 gxf6 21.
Qe2 f5 22. Nd2 Qxd4 23. c3 Qd3 {White resigns} 0-1

[Event "Team 45 45 League T90"]
[Site "Internet Chess Club"]
[Date "2021.10.11"]
[Round "1"]
[White "rhayder"]
[Black "Fulmar"]
[Result "0-1"]
[WhiteElo "977"]
[BlackElo "1145"]
[Opening "French defense"]
[ECO "C00"]
[Time "18:07:51"]
[TimeControl "2700+45"]

1. e4 e6 2. Nf3 d5 3. exd5 exd5 4. d4 Bd6 5. c4 c6 6. Nc3 Ne7 7. h3 O-O 8. Bd3
h6 9. O-O dxc4 10. Bxc4 b5 11. Bb3 Bb7 12. Bc2 Nd7 13. Qd3 Nf6 14. Ne4 Nxe4 15.
Qxe4 Ng6 16. Nh4 Qxh4 17. Qxh4 Nxh4 18. Be4 Rfe8 19. Re1 f5 20. g3 Nf3+ {White
resigns} 0-1